groovejumper, neutral female human Wizard -------------- ---------- |............| |........| |............| |......[.| |............-########### ##################..>.....)| |......<.....| # ------------- # # # ----.----- -------------- ###|...........-#### #-...........|### |.......f...-### ------- ##.....O@.....| ### |.....| # |...........| # --------- |.....-############ |...........| ## ..$$$$$$$| |.....| --------.---- $$$$|########## |.....| ## |# ----|------ ------- # # |.........| ### # |.........| # # |.........| ##################### |.........| |.........| ----------- groovejumper the Thaumaturge Experience level: 7 Strength: 13 Dexterity: 12 Constitution: 14 Intelligence: 18 Wisdom: 8 Charisma: 12 Health: 0(49) Energy: 73(73) AC: 7 Gold: 0 Moves: 3634 Your Inventory: Weapons a - a blessed +2 quarterstaff (weapon in hands) Armor b - an uncursed +0 cloak of magic resistance (being worn) D - a [cursed -4] pair of mud boots [fumble] E - a [blessed] +0 leather armor (being worn) Comestibles C - an [uncursed] tripe ration Scrolls i - an uncursed scroll of create monster j - an uncursed scroll of scare monster k - an uncursed scroll of identify q - an uncursed scroll of flood s - an uncursed scroll of confuse monster u - an [uncursed] scroll of create monster v - a [cursed] scroll of create monster w - a [blessed] scroll of create monster y - 2 [uncursed] scrolls of teleportation Spellbooks l - a blessed spellbook of force bolt m - an uncursed spellbook of light t - an [uncursed] spellbook of sleep Potions f - a blessed potion of levitation g - an uncursed potion of paralysis h - 2 uncursed potions of healing B - a [blessed] emerald potion [of confusion] F - a [blessed] puce potion [of gain level] Rings d - an uncursed ring of free action e - an uncursed ring of shock resistance p - an uncursed ring of sustain ability Wands c - an uncursed wand of make invisible (0:4) Tools n - an uncursed blindfold Spells known in the end: Name Level Category Fail Memory a - force bolt 1 attack 0% [|||||||.] b - light 1 divination 0% [|||||||.] c - sleep 1 enchantment 0% [|||||||.] Your skills at the end: Fighting Skills Weapon Skills quarterstaff [Basic / Expert] Spellcasting Skills attack spells [Basic / Expert] enchantment spells [Basic / Skilled] Final Attributes: You were piously aligned. Hunger level was 340. Your alignment was 26 / 28. Monster difficulty range was 1 - 7. Level difficulty was 7. You were magic-protected. Your luck was zero. You are dead. Vanquished creatures: a small mimic a winter wolf cub a leprechaun a brown pudding a yeti a jaguar a gnome mummy 2 rock piercers a rock mole a gnome lord a ghoul 2 giant ants a homunculus 3 hill orcs 5 rothes a rabid rat a centipede 3 Kop Sergeants a dwarf zombie a wererat 2 werejackals an acid blob 2 hobbits a hobgoblin 3 giant rats 10 Keystone Kops a garter snake a gnome zombie 2 geckos 7 jackals a kobold 5 grid bugs 2 lichens a kobold zombie 3 newts 72 creatures vanquished. Voluntary challenges: You used a wielded weapon 48 times. You read items or engraved 18 times. You put on armor 3 times. You never genocided any monsters. You never polymorphed an object. You never changed form. You used no wishes. You wrote Elbereth's name 11 times. You never encountered a bones level. You never used any Sokoban shortcuts. Dungeon overview: The Dungeons of Doom: levels 1 to 7 Level 1 a sink a long staircase Level 2 a scroll shop Level 3 a music store a long staircase Level 4 a sink Level 6 an armor shop Level 7 <- You were here History has recorded: On T:1 you entered the Dungeons of Doom to retrieve the Amulet of Yendor! On T:259 you reached level 2 of The Dungeons of Doom. On T:710 you advanced to experience level 2. On T:712 you advanced to experience level 3. On T:721 you advanced to experience level 4. On T:735 you advanced to experience level 5. On T:800 you reached level 3 of The Dungeons of Doom. On T:1047 you advanced to experience level 6. On T:1230 you reached level 4 of The Dungeons of Doom. On T:1768 you reached level 5 of The Dungeons of Doom. On T:2006 you reached level 6 of The Dungeons of Doom. On T:2130 you advanced to experience level 7. On T:2420 you reached level 7 of The Dungeons of Doom. Latest messages: A rock piercer suddenly drops from the ceiling! You are almost hit by a falling rock piercer! The rock piercer bites! [HP-3=46] You miss the rock piercer. (3x) [HP+1=47] You hit the rock piercer! You kill the rock piercer! [HP+1=48] The ogre wields a double-headed axe! You miss the ogre. The ogre swings her double-headed axe. The ogre hits! [HP-11=37] You miss the ogre. The ogre swings her double-headed axe. The ogre hits! [HP-7=30] You hit the ogre! The ogre swings her double-headed axe. The ogre hits! [HP-17=13] You miss the ogre. The ogre swings her double-headed axe. The ogre hits! You die... Final status: Goodbye groovejumper the Wizard... You died in The Dungeons of Doom on dungeon level 7 with 3852 points, and 0 pieces of gold, after 3634 moves. You were level 7 with a maximum of 49 hit points when you died.